 Dungeon Crawl Stone Soup version 0.26-a0-597-gb535b0901c (webtiles) character file.

Game seed: 4281663775466073242

43 Lanoc the Sneak (level 3, -1/34 HPs)
             Began as a Naga Delver on Sept 13, 2020.
             Hit by a stone thrown by a gnoll (4 damage)
             ... on level 4 of the Dungeon.
             The game lasted 00:01:35 (542 turns).

Lanoc the Sneak (Naga Delver)                        Turns: 542, Time: 00:01:35

Health: -1/34      AC:  2    Str: 14    XL:     3   Next: 58%
Magic:  5/12       EV: 10    Int: 10    God:
Gold:   61         SH:  0    Dex: 13    Spells: 2/2 levels left

rFire    . . .     SeeInvis +   a - +0 falchion
rCold    . . .     Faith    .   (no shield)
rNeg     . . .     Spirit   .   b - +0 leather armour
rPois    +         Reflect  .   (no helmet)
rElec    .         Harm     .   (no cloak)
rCorr    .                      (no gloves)
MR       .....                  (no barding)
Stlth    +++.......             (no amulet)
HPRegen  0.11/turn              f - ring of magical power
MPRegen  0.13/turn              (no ring)

@: very slow
A: large, see invisible, deformed body, poison resistance, slowness 2, spit
poison 1, AC +1
a: Spit Poison


You were on level 4 of the Dungeon.
You visited 1 branch of the dungeon, and saw 2 of its levels.

You collected 61 gold pieces.

Inventory:

Hand Weapons
 a - a +0 falchion (weapon)
Missiles
 i - 7 poisoned darts (quivered)
Armour
 b - a +0 leather armour (worn)
Jewellery
 f - a ring of magical power (left hand)
Wands
 g - a wand of digging (3)
Scrolls
 c - a scroll of fog
 d - a scroll of magic mapping
 e - a scroll of fear
 h - a scroll of amnesia {unknown}


   Skills:
 + Level 3.5 Fighting
 - Level 2.0 Long Blades
 + Level 2.2 Dodging
 + Level 7.9 Stealth


You had 2 spell levels left.
You didn't know any spells.
Your spell library was empty.

Dungeon Overview and Level Annotations

Branches:
Dungeon (5/15)
 Temple: D:4-7

Altars:


Innate Abilities, Weirdness & Mutations

You cannot wear boots.
Your serpentine skin is tough. (AC +1)
You have supernaturally acute eyesight. (SInv)
Armour fits poorly on your strangely shaped body.
Your system is resistant to poisons. (rPois)
You cover ground very slowly.
You can spit poison.


Message History

The poisoned dart closely misses the gnoll.
You feel yourself slow down.
The gnoll throws a stone.
The stone barely misses you.
Throwing (i - inventory)
i - 9 poisoned darts (quivered)
Press: ? - help, Shift-Dir - straight line, f/p - gnoll
Aim: a gnoll, wielding a +0 spear and quivering 18 stones (lightly wounded, poisoned)
You throw a poisoned dart. The poisoned dart hits the gnoll.
The gnoll looks even sicker.
The gnoll is lightly wounded.
The gnoll throws a stone.
The stone barely misses you.
Throwing (i - inventory)
i - 8 poisoned darts (quivered)
Press: ? - help, Shift-Dir - straight line, f/p - gnoll
Aim: a gnoll, wielding a +0 spear and quivering 17 stones (moderately wounded, very poisoned)
You throw a poisoned dart. The poisoned dart hits the gnoll.
The gnoll is moderately wounded.
You have got your breath back.
The gnoll throws a stone.
The stone hits you.
* * * LOW HITPOINT WARNING * * *
The gnoll throws a stone.
The stone hits you.
You die...

###### .....#
..##.####################
#>)..............)....).#
...#.##.........g...(.#.#
......#.#############.#.#
.g.#..#.# ... #.#..
...#..#.#
#####.#####(##..##
...##.#.#
#..(..@(..g...(.... ...#
.#.# #.###.#####.##..###
...# .#.# #. #.# ..# ....
.. #$ #.# ..# ....g.. ..
... #.....#. #. #.#
....#.#. .. #.# ..#g# ##
.#


You could see a gnoll (very poisoned).

Vanquished Creatures
  3 gnolls (D:4)
  An ufetubus (D:4)
  A leopard gecko (D:5)
  2 orcs
  A quokka (D:5)
8 creatures vanquished.

Notes
Turn   | Place    | Note
-------+----------+-------------------------------------------
     0 | D:5      | Lanoc the Naga Delver began the quest for the Orb.
     0 | D:5      | Reached XP level 1. HP: 21/21 MP: 1/1
   179 | D:5      | Noticed an orc priest
   191 | D:4      | Reached XP level 2. HP: 5/28 MP: 2/2
   509 | D:4      | Reached XP level 3. HP: 14/34 MP: 3/3
   542 | D:4      | Hit by a stone thrown by a gnoll

Illustrated notes

Levels and vault maps discovered:
D:4:      layout_basic, serial_shops, nicolae_shop_waterfront, uniq_eustachio
D:5:      layout_basic, uniq_blork_the_orc

Skill      XL: |  1  2 |
---------------+-------+-----
Dodging        | 2 |  2.2
Fighting       | |  3.5
Long Blades    | |  2.0
Stealth        | |  7.9

Action                   || total
-------------------------++-------
Melee: Falchion          ||    15
Throw: Dart              ||     5
 Abil: Spit Poison       ||    12
  Use: Potion            ||     1
 Stab: Sleeping          ||     1
Armor: Leather armour    ||     2
Dodge: Dodged            ||    22
       Rpst.: Falchion   ||     8

Table legend: (Time is in decaauts)
 A = Elapsed time spent in this place.
 B = Non-inter-level travel time spent in this place.
 C = Inter-level travel time spent in this place.
 D = Time resting spent in this place.
 E = Time spent auto-exploring this place.
 F = Levels seen in this place.
 G = Mean time per level.
                   A        B        C        D        E       F      G
               +--------+--------+--------+--------+--------+-----+--------+
         Total |    607 |    607 |      0 |    260 |    157 |   2 |  303.5 |
       Dungeon |    607 |    607 |      0 |    260 |    157 |   2 |  303.5 |
               +--------+--------+--------+--------+--------+-----+--------+

Top non-repeatable levels by time:
     D:4: 364 daAuts
     D:5: 243 daAuts
